 Dungeon Crawl Stone Soup version 0.17-a0-1056-g838d5c0 (webtiles) character file.

53 Lugonue the Twirler (level 3, -16/27 HPs)
             Began as a Mummy Gladiator on May 16, 2015.
             Was an Initiate of Ashenzari.
             Killed from afar by a goblin (43 damage)
             ... with an exploding inner flame
             ... hexed by the player character
             ... on level 2 of the Dungeon.
             The game lasted 00:03:06 (1612 turns).

Lugonue the Twirler (Mummy Gladiator)               Turns: 1612, Time: 00:03:07

Health: -16/27     AC:  6    Str: 18    XL:     3   Next: 62%
Magic:  12/12      EV: 11    Int:  8    God:    Ashenzari [......]
Gold:   132        SH:  0    Dex: 12    Spells: 0 memorised, 2 levels left

rFire  x . .     SeeInvis .     a - +0 quarterstaff
rCold  + . .     Clarity  .     k - +0 ring mail
rNeg   + + +     SustAb   .     (no shield)
rPois  ∞         Gourm    .     b - +1 hat
rElec  .         Spirit   .     (no cloak)
rCorr  .         Warding  .     (no gloves)
rMut   .         Stasis   .     (no boots)
MR     .....                    (no amulet)
Stlth  +.........               (no ring)
                                g - ring of magical power

@: not resistant to hostile enchantments, very unstealthy
A: no food or potions, fire vulnerability, cold resistance 1, negative energy
resistance 3, torment resistance, unbreathing
a: Renounce Religion


You were on level 2 of the Dungeon.
You worshipped Ashenzari.
Ashenzari was noncommittal.
You were not hungry.

You visited 1 branch of the dungeon, and saw 2 of its levels.

You collected 132 gold pieces.

Inventory:

Hand weapons
 a - a +0 quarterstaff (weapon)
Missiles
 d - 3 throwing nets (quivered)
Armour
 b - a +1 hat (worn)
 k - a +0 ring mail (worn)
Jewellery
 g - a ring of magical power (left hand)
Scrolls
 e - a scroll of remove curse
 f - 2 scrolls of identify
 h - a scroll of enchant weapon


   Skills:
 - Level 2.0 Fighting
 * Level 3.8 Staves
 - Level 1.5 Throwing
 - Level 2.4 Dodging


You had 2 spell levels left.
You didn't know any spells.

Dungeon Overview and Level Annotations

Branches:
Dungeon (2/15)

Altars:
Ashenzari
Qazlal


Innate Abilities, Weirdness & Mutations

You do not eat or drink.
Your flesh is vulnerable to fire.
You are immune to poison.
Your flesh is cold resistant.
You are immune to negative energy.
You are immune to unholy pain and torment.
You can survive without breathing.


Message History

an uncursed short sword; a kobold corpse You see here a stone.
You see here 2 stones.
You see here a stone.
You now have 123 gold pieces (gained 7).
There is a stone staircase leading down here.
There is a stone staircase leading down here.
You now have 132 gold pieces (gained 9).
c - a scroll labeled BOOZIN ZOOGRAMINT A goblin comes into view.
The goblin shouts!
Read which item? (? for menu, Esc to quit)
As you read the scroll labeled BOOZIN ZOOGRAMINT, it crumbles to dust.
The creatures around you are filled with an inner flame!
It was a scroll of immolation.
The goblin barely misses you.
You sock the goblin!
The goblin explodes!
The fiery explosion engulfs you! The fire burns you terribly!
Ouch! That really hurt!
You die...

#..#####...##.#
#..####.....###
#....#.......#
#.####..._...# #.#
#.......###### #.#
##.....##....# #.#
*##...##.....# #.#
*,#####......# ##.#
*,#§§@.......#
####..#
#..§#........#
###....##
###*#........#
.......# #........#
###....# ##.###.####
##.#.########...##.#
#.................#
###.########...####
#.# ##.##


There were no monsters in sight!

Vanquished Creatures
  2 adders (D:2)
  A worm (D:2)
  4 giant cockroaches
  2 hobgoblins
  A quokka (D:2)
  6 bats
  4 giant newts
  3 goblins
  6 kobolds
  5 rats
34 creatures vanquished.

Notes
Turn   | Place    | Note
--------------------------------------------------------------
     0 | D:1      | Lugonue the Mummy Gladiator began the quest for the Orb.
     0 | D:1      | Reached XP level 1. HP: 16/16 MP: 1/1
   362 | D:1      | Reached XP level 2. HP: 17/22 MP: 2/2
   472 | D:1      | Reached skill level 3 in Staves
   885 | D:2      | Found a shattered altar of Ashenzari.
   910 | D:2      | Reached XP level 3. HP: 19/27 MP: 3/3
   920 | D:2      | Became a worshipper of Ashenzari the Shackled
  1413 | D:2      | Found a stormy altar of Qazlal.
  1612 | D:2      | Killed from afar by a goblin

Vault maps used:
D:1:      dpeg_arrival_pits
D:2:      overflow_temple_1_default, lemuel_round_altar, st_stairs_5

Action                   || total
-------------------------++-------
Melee: Quarterstaff      ||   102
  Use: Scroll            ||     7
 Stab: Sleeping          ||     1
